 Dungeon Crawl Stone Soup version 0.18-a0-270-ga9d907f (webtiles) character file.

49 Raultor the Digger (level 3, -5/20 HPs)
             Began as a Gargoyle Earth Elementalist on Nov 26, 2015.
             Slain by a worm (8 damage)
             ... on level 2 of the Dungeon.
             The game lasted 00:05:44 (2815 turns).

Raultor the Digger (Gargoyle Earth Elementalist)    Turns: 2815, Time: 00:05:44

Health: -5/20      AC:  7    Str: 11    XL:     3   Next: 77%
Magic:  2/6        EV: 12    Int: 16    God:
Gold:   48         SH:  0    Dex: 10    Spells: 1 memorised, 5 levels left

rFire  . . .     SeeInvis .     e - -3 club (curse)
rCold  . . .     Clarity  .     a - +0 robe
rNeg   + . .     SustAt   .     (no shield)
rPois  ∞         Gourm    .     (no helmet)
rElec  +         Spirit   .     f - +1 cloak
rCorr  .         Warding  .     (no gloves)
rMut   .         Stasis   .     (no boots)
MR     .....                    (no amulet)
Stlth  ++........               (no ring)
                                (no ring)

@: very slightly contaminated, not resistant to hostile enchantments, unstealthy
A: negative energy resistance 1, electricity resistance, unbreathing,
petrification resistance, rot immunity, AC +3
a: no special abilities


You were on level 2 of the Dungeon.
You were hungry.

You visited 1 branch of the dungeon, and saw 2 of its levels.

You collected 48 gold pieces.

Inventory:

Hand Weapons
 e - a cursed -3 club (weapon)
 h - a +0 whip of draining
Missiles
 b - 42 stones (quivered)
Armour
 a - a +0 robe (worn)
 f - a +1 cloak (worn)
Books
 c - a book of Geomancy

   Spells                             Type                      Level
   a - Sandblast                      Earth                        1
   b - Stoneskin                      Transmutation/Earth          2
   c - Passwall                       Transmutation/Earth          3
   d - Stone Arrow                    Conjuration/Earth            3
   e - Petrify                        Transmutation/Earth          4
   f - Lee's Rapid Deconstruction     Earth                        5
Comestibles
 d - a bread ration
 g - a chunk of flesh
 i - a meat ration


   Skills:
 * Level 1.5 Fighting
 + Level 0.6 Maces & Flails
 - Level 1.5 Dodging
 - Level 2.1 Stealth
 + Level 2.2 Spellcasting
   Level 0.7 Transmutations
 * Level 4.7 Earth Magic


You had 5 spell levels left.
You knew the following spells:

 Your Spells              Type           Power        Failure   Level  Hunger
a - Sandblast             Erth           ###...       3%          1    #......


Dungeon Overview and Level Annotations

Branches:
Dungeon (2/15)

Altars:
Makhleb


Innate Abilities, Weirdness & Mutations

You are resistant to torment.
Your stone body is resilient (AC +3).
You are immune to poison.
You resist negative energy.
You are resistant to electric shocks.
You can survive without breathing.
You are immune to petrification.
You are immune to rotting.


Message History

The worm bites you but does no damage.
You hit the worm but do no damage.
The worm is moderately wounded.
The worm barely misses you.
You hit the worm but do no damage.
The worm is moderately wounded.
You hit the worm.
The worm is moderately wounded.
The worm bites you.
You hit the worm.
The worm is moderately wounded.
The worm bites you.
You hit the worm but do no damage.
The worm is moderately wounded.
The worm bites you!
* * * LOW HITPOINT WARNING * * *
You hit the worm but do no damage.
The worm is moderately wounded.
The worm bites you!
You die...

##########. #..........
#.######.## #.#......#
##.#.###### ##.#..#######
##.###........ ###########.##
##.###### #......@w..## ##.#
#.#########.## ##.## #.#
##.###.## #.# ##.#.## ######
#.### ##.## ##....###...##
#.# ##......#.)...## ##.#
#..............#######.)#####
..#..........#..............#


You could see a worm.

Vanquished Creatures
  An ooze (D:2)
  A worm (D:2)
  A giant gecko (D:1)
  2 ball pythons
  4 hobgoblins (D:1)
  8 kobolds (D:1)
  A quokka (D:2)
  6 bats
  3 giant newts
  6 goblins
  6 rats
39 creatures vanquished.

Notes
Turn   | Place    | Note
--------------------------------------------------------------
     0 | D:1      | Raultor the Gargoyle Earth Elementalist began the quest for the Orb.
     0 | D:1      | Reached XP level 1. HP: 10/10 MP: 3/3
   372 | D:1      | Reached XP level 2. HP: 10/16 MP: 1/5
   694 | D:1      | Reached skill level 4 in Earth Magic
   751 | D:1      | Reached skill level 1 in Fighting
  1068 | D:1      | Reached XP level 3. HP: 7/20 MP: 6/6
  1897 | D:2      | Found a burning altar of Makhleb.
  2815 | D:2      | Slain by a worm

Vault maps used:
D:1:      dpeg_arrival_houses_and_road
D:2:      makhleb_grotto_becter, kennysheep_decorative_pillar

Action                   || total
-------------------------++-------
Melee: Club              ||   340
       Unarmed           ||    17
 Cast: Sandblast         ||    42
 Stab: Sleeping          ||     5
  Eat: Chunk             ||     7
